 Dungeon Crawl Stone Soup version 0.29-a0-275-g389c0b56f3 (webtiles) character file.

Game seed: 3460861868385715850

1068 drugrobin the Chopper (level 7, -1/61 HPs)
             Began as a Demigod Fighter on Mar 11, 2022.
             Slain by a gnoll
             ... wielding a +0 club
              (6 damage)
             ... on level 5 of the Dungeon.
             The game lasted 00:10:51 (6109 turns).

drugrobin the Chopper (Demigod Fighter)             Turns: 6109, Time: 00:10:52

Health: -1/61      AC: 11    Str: 25    XL:     7   Next: 79%
Magic:  9/9        EV:  6    Int: 10    God:
Gold:   321        SH:  4    Dex: 13    Spells: 5/6 levels left

rFire   . . .      SeeInvis .   a - +0 war axe
rCold   . . .      Faith    .   c - +0 buckler
rNeg    . . .      Spirit   .   z - +0 plate armour
rPois   .          Reflect  .   (no helmet)
rElec   .          Harm     .   (no cloak)
rCorr   .          Rampage  .   (no gloves)
Will    .....                   (no boots)
Stlth   ..........              (no amulet)
HPRegen 0.20/turn               (no ring)
MPRegen 0.11/turn               (no ring)

@: lit by a corona, glowing
A: high MP 1, forlorn, divine attributes
a: no special abilities


You were on level 5 of the Dungeon.
You visited 1 branch of the dungeon, and saw 5 of its levels.

You collected 321 gold pieces.

Inventory:

Hand Weapons
 a - a +0 war axe (weapon)
 b - a +0 hand axe
Missiles
 j - 149 stones
 n - 4 silver javelins (quivered)
 p - 4 boomerangs
 t - 16 poisoned darts
 C - 2 javelins
Armour
 c - a +0 buckler (worn)
 o - a +0 scale mail
 z - a +0 plate armour (worn)
Jewellery
 m - a ring of fire
Scrolls
 g - 2 scrolls of teleportation {unknown}
 h - 2 scrolls of enchant weapon {unknown}
 i - a scroll of brand weapon {unknown}
 k - 2 scrolls of identify {unknown}
 q - 2 scrolls of fear {unknown}
 u - a scroll of fog {unknown}
 v - 2 scrolls of vulnerability {unknown}
 w - 3 scrolls of amnesia {unknown}
 x - 2 scrolls of noise {unknown}
 y - a scroll of silence {unknown}
 A - 2 scrolls of magic mapping {unknown}
 B - a scroll of immolation {unknown}
 D - a scroll of blinking {unknown}
Potions
 f - a potion of cancellation {unknown}
 l - 2 potions of curing {unknown}
 r - a potion of brilliance {unknown}
 s - a potion of flight {unknown}


   Skills:
 + Level 5.6 Fighting
 * Level 7.3 Axes
 - Level 2.6 Armour
 - Level 2.6 Shields


You had 5 spell levels left.
You knew the following spells:

 Your Spells              Type           Power      Damage    Failure   Level
a - Animate Skeleton      Necr           0%         N/A       100%        1

Your spell library contained the following spells:

 Spells                   Type           Power      Damage    Failure   Level
 Foxfire                  Conj/Fire      0%         2x1d4     100%        1
 Pain                     Necr           0%         1d4       100%        1
 Vampiric Draining        Necr           0%         2d6       100%        3
 Animate Armour           Summ/Erth      0%         N/A       100%        4
 Fulminant Prism          Conj/Hex       0%         3d6       100%        4
 Iskenderun's Mystic Bla  Conj/Tloc      0%         2d3       100%        4
 Lee's Rapid Deconstruct  Erth           0%         3d5*      100%        5
 Summon Hydra             Summ           0%         N/A       100%        7


Dungeon Overview and Level Annotations

Branches:
Dungeon (5/15)
 Temple: D:4-7


Innate Abilities, Weirdness & Mutations

You have an increased reservoir of magic. (+10% MP)
You shall have no god before yourself.
Your divine heritage dramatically boosts your attributes as you level up.


Message History

The gnoll shaman is heavily wounded.
You closely miss the gnoll.
The gnoll shaman hits you with a +0 whip!
The gnoll hits you from afar with a +0 spear.
The gnoll hits you with a +0 club.
* * * LOW HITPOINT WARNING * * *
Unknown command.
Unknown command.
You hit the gnoll shaman.
The gnoll shaman is heavily wounded.
You hit the gnoll but do no damage. You block the gnoll shaman's attack.
The gnoll hits you but does no damage. The gnoll hits you with a +0 club.
* * * LOW HITPOINT WARNING * * *
Unknown command.
Unknown command.
Unknown command.
You closely miss the gnoll shaman.
The gnoll shaman is heavily wounded.
You closely miss the gnoll.
The gnoll shaman hits you with a +0 whip.
* * * LOW HITPOINT WARNING * * *
The gnoll hits you but does no damage. The gnoll hits you with a +0 club.
* * * LOW HITPOINT WARNING * * *
Unknown command.
Unknown command.
Unknown command.
You hit the gnoll shaman.
The gnoll shaman is heavily wounded.
You hit the gnoll but do no damage.
The gnoll shaman hits you with a +0 whip.
* * * LOW HITPOINT WARNING * * *
You block the gnoll's attack. The gnoll hits you but does no damage.
Unknown command.
Unknown command.
Unknown command.
Unknown command.
You slash the gnoll shaman!
You kill the gnoll shaman!
You barely miss the gnoll. The gnoll hits you with a +0 club.
You die...

##### ....# ########### ###<#
##.......... #.#
######..)#######. #.# #.......))#
#.# #.####..@)# ###### #.# #.#
##.#g# #.. ......
#.#####.#####.#g# #.F ######
#.#.............. . #..###
###.#.#.#.#####...#...##....#####
....#.#.#.# #(................#
##..#.#.#.# #...#...#.....###.#
#........# .. .. .............
#......### #..........#


You could see 2 gnolls.

Vanquished Creatures
  A komodo dragon (D:5)
  A black bear (D:3)
  A bullfrog (D:4)
  A howler monkey (D:4)
  3 jellies (D:4)
  2 hounds
  2 orc priests (D:5)
  A gnoll shaman (D:5)
  An iguana (D:5)
  Natasha (thrice) (D:3)
  3 orc wizards
  3 gnolls (D:5)
  7 adders
  2 white imps
  A worm (D:2)
  2 dart slugs (D:3)
  17 orcs
  7 ball pythons
  15 endoplasms
  4 giant cockroaches
  6 goblins
  8 hobgoblins
  17 kobolds
  3 quokkas
  7 bats
  6 frilled lizards
  9 rats
133 creatures vanquished.

Vanquished Creatures (others)
  8 fungi (D:4)
  6 toadstools (D:4)
14 creatures vanquished.

Grand Total: 147 creatures vanquished

Notes
Turn   | Place    | Note
-------+----------+-------------------------------------------
     0 | D:1      | drugrobin the Demigod Fighter began the quest for the Orb.
     0 | D:1      | Reached XP level 1. HP: 18/18 MP: 3/3
    98 | D:1      | Reached skill level 2 in Axes
   182 | D:1      | Reached XP level 2. HP: 25/25 MP: 4/4
   757 | D:1      | Learned a level 1 spell: Animate Skeleton
  1173 | D:2      | Got Sif Muna's Guide on Supportive Ignition
  1224 | D:2      | Reached XP level 3. HP: 22/31 MP: 5/5
  1338 | D:2      | Reached skill level 3 in Axes
  2069 | D:3      | Noticed Natasha
  2074 | D:3      | Killed Natasha
  2075 | D:3      | Reached XP level 4. HP: 38/38 MP: 6/6
  2285 | D:3      | Noticed Natasha
  2298 | D:3      | Reached skill level 4 in Axes
  2302 | D:3      | Killed Natasha
  2311 | D:3      | Reached XP level 5. HP: 40/46 MP: 7/7
  2641 | D:3      | Noticed a black bear
  3371 | D:3      | Noticed Natasha
  3374 | D:3      | Killed Natasha
  3802 | D:3      | Killed a black bear
  3803 | D:3      | Reached skill level 5 in Axes
  3803 | D:3      | Reached XP level 6. HP: 32/53 MP: 8/8
  5076 | D:5      | Entered Level 5 of the Dungeon
  5325 | D:5      | Reached skill level 6 in Axes
  5417 | D:4      | Reached XP level 7. HP: 46/60 MP: 9/9
  5604 | D:5      | Reached skill level 5 in Fighting
  6021 | D:5      | Noticed a komodo dragon
  6032 | D:5      | Killed a komodo dragon
  6033 | D:5      | Reached skill level 7 in Axes
  6109 | D:5      | Slain by a gnoll

Illustrated notes

Levels and vault maps discovered:
D:1:      dpeg_arrival_more_subterranean_lakeside_camping, layout_basic,
          ebering_ecumenical_altar_petrified, chequers_serial_rivers_micro_c,
          minmay_misc_feat_secret_circle
D:2:      layout_loops_ring, basic_altar
D:3:      minmay_chambers_of_twos, layout_basic, nzn_hepliaklqana_mist_gate,
          nicolae_uskayaw_dance_hall, st_stairs_10, amcnicky_mini_pool_small,
          uniq_natasha
D:4:      cheibrodos_fertilizer, layout_loops_ring, bloody_trog,
          grunt_ministairs_9
D:5:      layout_loops_ring, mainiacjoe_overflow_paths

Skill      XL: |  1  2  3  4  5  6  7 |
---------------+----------------------+-----
Axes           | 2 3 4 5 6 7 |  7.3
Fighting       | 3 4 5 |  5.6
Armour         | |  2.6
Shields        | |  2.6

Action                   |  1- 3 |  4- 6 |  7- 9 || total
-------------------------+-------+-------+-------++-------
Melee: War axe           |   106 |   188 |    70 ||   364
       Hand axe          |    15 |       |       ||    15
Throw: Stone             |     5 |       |       ||     5
       Javelin           |       |    12 |     3 ||    15
       Dart              |       |     3 |       ||     3
 Cast: Animate Skeleton  |       |     1 |       ||     1
  Use: Potion            |       |       |     3 ||     3
Armor: Scale mail        |    55 |    62 |       ||   117
       Plate armour      |       |    40 |    35 ||    75
Dodge: Dodged            |    51 |    63 |    18 ||   132
Block: Buckler           |    23 |    49 |    13 ||    85

Table legend: (Time is in decaauts)
 A = Elapsed time spent in this place.
 B = Non-inter-level travel time spent in this place.
 C = Inter-level travel time spent in this place.
 D = Time resting spent in this place.
 E = Time spent auto-exploring this place.
 F = Levels seen in this place.
 G = Mean time per level.
                   A        B        C        D        E       F      G
               +--------+--------+--------+--------+--------+-----+--------+
         Total |   6251 |   6071 |    180 |   1500 |   2973 |   5 | 1250.2 |
       Dungeon |   6251 |   6071 |    180 |   1500 |   2973 |   5 | 1250.2 |
               +--------+--------+--------+--------+--------+-----+--------+

Top non-repeatable levels by time:
     D:3: 1651 daAuts
     D:2: 1497 daAuts
     D:4: 1288 daAuts
     D:1: 954 daAuts
     D:5: 859 daAuts
